 Dungeon Crawl Stone Soup version 0.17.1-3-g152610e (webtiles) character file.

34 Metrazal the Sneak (level 3, 18/18 HPs)
             Began as a Spriggan Assassin on Mar 6, 2016.
             Quit the game on level 1 of the Dungeon.
             The game lasted 00:05:23 (949 turns).

Metrazal the Sneak (Spriggan Assassin)               Turns: 949, Time: 00:05:24

Health: 18/18      AC:  3    Str:  7    XL:     3   Next: 14%
Magic:  4/4        EV: 18    Int: 12    God:
Gold:   54         SH:  0    Dex: 18    Spells: 0 memorised, 2 levels left

rFire  . . .     SeeInvis +     a - +2 dagger
rCold  . . .     Clarity  .     c - +0 robe
rNeg   . . .     SustAt   +     (shield restricted)
rPois  +         Gourm    .     (helmet restricted)
rElec  .         Spirit   .     d - +0 cloak
rCorr  .         Warding  .     (gloves unavailable)
rMut   .         Stasis   .     (boots unavailable)
MR     .....                    (no amulet)
Stlth  ++++......               o - ring of sustain attributes
                                n - ring of poison resistance

@: very quick, not resistant to hostile enchantments, stealthy
A: unfitting armour, see invisible, herbivore 3, speed 3, slow metabolism 2
a: no special abilities


You were on level 1 of the Dungeon.
You were not hungry.

You visited 1 branch of the dungeon, and saw 1 of its levels.

You collected 54 gold pieces.

Inventory:

Hand Weapons
 a - a +2 dagger (weapon)
 b - a +0 blowgun
Missiles
 e - 8 poisoned needles
 f - 2 curare-tipped needles
 j - 30 arrows
 k - 8 stones (quivered)
 m - 29 sling bullets
Armour
 c - a +0 robe (worn)
 d - a +0 cloak (worn)
Jewellery
 n - a ring of poison resistance (left hand)
 o - a ring of sustain attributes (right hand)
Scrolls
 i - 2 scrolls of blinking {unknown}
 l - a scroll of recharging {unknown}
 p - 2 scrolls of remove curse {unknown}
 r - a scroll of immolation {unknown}
Potions
 h - a potion of brilliance {unknown}
 q - a potion of mutation {unknown}
Comestibles
 g - a bread ration


   Skills:
 - Level 1.5 Fighting
 + Level 3.0 Short Blades
 - Level 2.0 Throwing
 + Level 3.1 Dodging
 + Level 6.2 Stealth


You had 2 spell levels left.
You didn't know any spells.

Dungeon Overview and Level Annotations

Branches:
Dungeon (1/15)

Altars:


Innate Abilities, Weirdness & Mutations

You are tiny and cannot use many weapons and most armour.
You have supernaturally acute eyesight.
You are a herbivore.
You cover ground extremely quickly.
You need consume almost no food.


Message History

The ball python constricts you.
You hit the ball python.
You kill the ball python!
Your Dodging skill increases to level 3!
A kobold comes into view.
The kobold shouts!
The kobold moves out of view.
The kobold is too close now for your liking.
You closely miss the kobold. The kobold misses you.
You hit the kobold.
The kobold is heavily wounded.
The kobold hits you but does no damage.
You hit the kobold.
You kill the kobold!
i - 2 scrolls labeled JUIXKES EDGHU (gained 1)
You see here a leather armour.
Things that are here:
a dagger; a goblin skeleton Done exploring.
Are you sure you want to abandon this character and quit the game? (Confirm with "yes".)

#####...##.####.......# #.#
#..........(>....###########.#
#.###...##.##................#
.......###.#####.###########.#
#.###### #.# #.# #.# #.# #.# #.#
######### #.# #####.#####.#
#≈≈≈≈≈≈≈≈
#.####........##.########≈♣♣≈≈P..
#....#.###......@.......#≈PP≈≈P♣.
####.#.# #.##############≈.P≈≈♣PP
#.#.# #.# #≈P♣≈≈♣PP
#.#.###.######## #≈♣♣≈≈P♣♣
#.#..÷.......).# #≈P♣≈≈.♣.
#.#####.######.# #≈.♣≈≈P♣. #^#
#.# #.# #####≈PP≈≈≈≈≈ #.# #.# #.#
#...#≈♣♣≈..[. #.# #.# #.#
#...#≈≈≈≈.###


There were no monsters in sight!

Vanquished Creatures
  A giant gecko (D:1)
  A ball python (D:1)
  4 bats (D:1)
  A giant cockroach (D:1)
  7 goblins (D:1)
  2 hobgoblins (D:1)
  A giant newt (D:1)
  4 jackals (D:1)
  5 kobolds (D:1)
  3 rats (D:1)
29 creatures vanquished.

Notes
Turn   | Place    | Note
--------------------------------------------------------------
     0 | D:1      | Metrazal the Spriggan Assassin began the quest for the Orb.
     0 | D:1      | Reached XP level 1. HP: 10/10 MP: 2/2
    83 | D:1      | Reached skill level 6 in Stealth
   109 | D:1      | Reached XP level 2. HP: 9/14 MP: 3/3
   665 | D:1      | Reached XP level 3. HP: 18/18 MP: 4/4
   949 | D:1      | Quit the game

Action                   || total
-------------------------++-------
Melee: Dagger            ||    72
Throw: Stone             ||     2
 Stab: Sleeping          ||     9
